 Dungeon Crawl Stone Soup version 0.26.0-10-g1f06aea511 (webtiles) character file.

Game seed: 15753710302232286704

100 inmateoo the Skirmisher (level 4, -9/40 HPs)
             Began as a Demigod Wanderer on Feb 6, 2021.
             Mangled by Sigmund
             ... wielding a +0 scythe
              (13 damage)
             ... on level 3 of the Dungeon.
             The game lasted 00:02:19 (2135 turns).

inmateoo the Skirmisher (Demigod Wanderer)          Turns: 2135, Time: 00:02:20

Health: -9/40      AC:  2    Str: 15    XL:     4   Next: 23%
Magic:  6/6        EV: 12    Int: 14    God:
Gold:   64         SH:  0    Dex: 19    Spells: 3/3 levels left

rFire    . . .     SeeInvis .   l - +1 short sword (drain)
rCold    . . .     Faith    .   (no shield)
rNeg     . . .     Spirit   .   f - +0 robe
rPois    .         Reflect  .   (no helmet)
rElec    .         Harm     .   (no cloak)
rCorr    .         Rampage  .   (no gloves)
Will     .....                  (no boots)
Stlth    +.........             (no amulet)
HPRegen  0.13/turn              (no ring)
MPRegen  0.10/turn              (no ring)

@: confused, hasted, very quick
A: high mp 1
a: no special abilities


You were on level 3 of the Dungeon.
You visited 1 branch of the dungeon, and saw 3 of its levels.

You collected 64 gold pieces.

Inventory:

Hand Weapons
 c - a +0 shortbow
 l - a +1 short sword of draining (weapon)
Missiles
 b - 4 curare-tipped darts (quivered)
 d - 71 arrows
Armour
 f - a +0 robe (worn)
Scrolls
 a - 2 scrolls of identify {unknown}
 g - 2 scrolls of teleportation {unknown}
 h - a scroll of noise {unknown}
 i - a scroll of immolation {unknown}
 j - a scroll of magic mapping {unknown}
 m - 2 scrolls of remove curse {unknown}
 n - a scroll of enchant weapon {unknown}
 p - a scroll of fog {unknown}
Potions
 r - a potion of flight {unknown}
 s - a potion of might {unknown}


   Skills:
 - Level 4.0 Fighting
 + Level 2.4 Short Blades
 - Level 1.0 Bows
 - Level 1.0 Throwing
 - Level 1.7 Armour
 - Level 1.0 Dodging
 - Level 1.7 Stealth


You had 3 spell levels left.
You didn't know any spells.
Your spell library contained the following spells:

 Spells                   Type           Power        Failure   Level
 Magic Dart               Conj           0%           28%         1
 Blink                    Tloc           N/A          41%         2
 Call Imp                 Summ           0%           41%         2
 Slow                     Hex            0%           41%         2
 Conjure Flame            Conj/Fire      0%           65%         3
 Mephitic Cloud           Conj/Pois/Air  0%           65%         3


Dungeon Overview and Level Annotations

Branches:
Dungeon (3/15)

Annotations:
D:3 Sigmund


Innate Abilities, Weirdness & Mutations

You have an increased reservoir of magic. (+10% MP)


Message History

You closely miss something. Something hits you but does no damage.
You barely miss something.
You feel less wooden.
Your +0 robe unmelds from your body.
You closely miss something. Something hits you!
* * * LOW HITPOINT WARNING * * *
You hit something.
You hear some strange, mumbled words.
A puff of flame appears from out of thin air!
The puff of flame hits you!
* * * LOW HITPOINT WARNING * * *
You miss something. Something hits you but does no damage.
You closely miss something.
It was a potion of haste.
You feel yourself speed up.
You hear some strange, mumbled words.
You are confused.
It was a potion of ambrosia.
You are more confused.
You feel invigorated. Something hits you!
You die...

.....#.....#######.........##
......(....(†).(.......>.....
#.##.#########..##........#
#.##.# ###†#####.....# #.##.#
♣P†.PP###.....# ...#.#
♣#....PP♣#.....# ...#.#
#P.....#♣##.####
.....######♣.......♣ #.#
...#......##≈.§§@..♣ #.#
...#.######♣....{..♣##.##
#.##.#....##.......P#...#
#.##.#.####♣##...PP♣#...#
#.##.#.# P###.P##...#
#.##.#.#
PP...PP##...#########
#......#
P....P#♣##.#.........
#......# ♣.P.P# #...........
#....).##### ###.#######.


There were no monsters in sight!

Vanquished Creatures
  Ijyb (D:3)
  An adder (D:2)
  2 worms (D:2)
  3 dart slugs
  2 leopard geckos
  A ball python (D:2)
  9 bats
  3 giant cockroaches
  2 goblins
  5 hobgoblins
  7 kobolds
  2 quokkas (D:2)
  3 frilled lizards
  12 rats
53 creatures vanquished.

Vanquished Creatures (others)
  7 plants (D:3)
7 creatures vanquished.

Grand Total: 60 creatures vanquished

Notes
Turn   | Place    | Note
-------+----------+-------------------------------------------
     0 | D:1      | inmateoo the Demigod Wanderer began the quest for the Orb.
     0 | D:1      | inmateoo set off with the following items: a +2 dagger, 4
                  | curare-tipped darts, a +0 shortbow, 25 arrows, a potion of
                  | lignification, a +0 robe
     0 | D:1      | Reached XP level 1. HP: 18/18 MP: 3/3
   221 | D:1      | Reached skill level 3 in Fighting
   326 | D:1      | Reached XP level 2. HP: 18/26 MP: 4/4
   904 | D:2      | Found an ornate altar of the Wu Jian Council.
  1050 | D:2      | Reached XP level 3. HP: 27/33 MP: 5/5
  1216 | D:2      | Reached skill level 4 in Fighting
  1296 | D:2      | Reached skill level 1 in Short Blades
  1743 | D:3      | Noticed Ijyb
  1761 | D:3      | Killed Ijyb
  1762 | D:3      | Reached XP level 4. HP: 40/40 MP: 6/6
  2052 | D:3      | Noticed Sigmund
  2131 | D:3      | HP: 1/40 [something/puff of flame (9)]
  2135 | D:3      | Mangled by Sigmund

Illustrated notes

Levels and vault maps discovered:
D:1:      scummos_arrival_simple_fountains, layout_loops_ring
D:2:      layout_rooms, lemuel_round_altar
D:3:      layout_basic, lexackson_kobold_supper, uniq_ijyb, uniq_sigmund

Skill      XL: |  1  2  3 |
---------------+----------+-----
Fighting       | 3 4 |  4.0
Short Blades   | 2 |  2.4
Bows           | |  1.0
Throwing       | |  1.0
Armour         | |  1.7
Dodging        | |  1.0
Stealth        | |  1.7

Action                   |  1- 3 |  4- 6 || total
-------------------------+-------+-------++-------
Melee: Dagger            |    71 |       ||    71
       Short sword       |    73 |    48 ||   121
Evoke: Wand              |       |     1 ||     1
  Use: Potion            |       |     3 ||     3
 Stab: Sleeping          |    11 |       ||    11
       Distracted        |     1 |     1 ||     2
Armor: Robe              |    29 |     5 ||    34
       Skin              |    14 |    10 ||    24
Dodge: Dodged            |   106 |    21 ||   127
